 Dungeon Crawl Stone Soup version 0.30.0-10-gfe55d96785 (webtiles) character file.

Game seed: 14049062458192571515

126 Kaboulah the Trooper (level 5, -1/47 HPs)
             Began as a Hill Orc Monk on May 14, 2023.
             Was a Believer of Makhleb.
             Slain by a water moccasin (4 damage)
             ... on level 4 of the Dungeon.
             The game lasted 00:15:54 (2305 turns).

Kaboulah the Trooper (Hill Orc Monk)                Turns: 2305, Time: 00:15:56

Health: -1/47      AC:  8    Str: 15 (16) XL:     5   Next: 10%
Magic:  6/6        EV: 10    Int:  9 (10) God:    Makhleb [**....]
Gold:   187        SH:  0    Dex: 12 (13) Spells: 4/4 levels left

rFire   . . .        a - +0 hand axe
rCold   . . .        d - orb {light}
rNeg    . . .        r - +0 scale mail
rPois   .            (no helmet)
rElec   .            p - +0 cloak
rCorr   .            (no gloves)
SInv    .            i - +0 pair of boots
Will    .....        o - amulet of regeneration Stlth
                     (no ring)
HPRegen 1.07/turn    (no ring)
MPRegen 0.10/turn

%: no passive effects
@: lethally poisoned (-1 -> -5), flying, glowing
A: no striking features
a: Renounce Religion, Minor Destruction


You were on level 4 of the Dungeon.
You worshipped Makhleb.
Makhleb was pleased with you.
You visited 2 branches of the dungeon, and saw 5 of its levels.

You collected 187 gold pieces.

Inventory:

Hand Weapons
 a - a +0 hand axe (weapon)
Armour
 d - an orb of light (worn)
 i - a +0 pair of boots (worn)
 p - a +0 cloak (worn)
 r - a +0 scale mail (worn)
Jewellery
 o - an amulet of regeneration (around neck)
Scrolls
 b - a scroll of poison {unknown}
 e - a scroll of fog {unknown}
 g - 3 scrolls of identify {unknown}
 k - a scroll of acquirement {unknown}
 m - 3 scrolls of teleportation {unknown}
 q - a scroll of immolation {unknown}
 u - a scroll of enchant weapon {unknown}
Potions
 c - a potion of ambrosia
 f - a potion of magic {unknown}
 h - a potion of attraction {unknown}
 l - a potion of degeneration
 n - a potion of cancellation {unknown}
 s - a potion of heal wounds {unknown}
 t - a potion of curing {unknown}


   Skills:
 * Level 4.8 Fighting
 + Level 4.7 Axes
 * Level 2.6 Armour
 - Level 2.4 Dodging
 + Level 1.3 Shields
 + Level 1.4 Invocations


You had 4 spell levels left.
You didn't know any spells.
Your spell library contained the following spells:

 Spells                   Type           Power      Damage    Failure   Level
 Sublimation of Blood     Necr           0%         N/A       93%         2
 Wereblood                Tmut           0%         N/A       93%         2
 Summon Hydra             Summ           0%         N/A       100%        7


Dungeon Overview and Level Annotations

Branches:
Dungeon (4/15)             Temple (1/1) D:4

Altars:
Ashenzari
Gozag
Makhleb
Qazlal
Ru
Sif Muna
Wu Jian
Xom
Yredelemnul
Zin

Shops:
D:3 *


Message History

Aim: a water moccasin (moderately wounded, haloed)
The puff of flame hits the water moccasin.
The water moccasin is heavily wounded.
You feel very sick.
The water moccasin bites you but does no damage.
Aiming: Minor Destruction (13% risk of failure)
Press: ? - help, Shift-Dir - straight line, f/p - water moccasin
Aim: a water moccasin (heavily wounded, haloed)
The zap hits the water moccasin.
The water moccasin is severely wounded.
The zap hits the dart slug.
The dart slug is moderately wounded.
The zap hits the orc.
The orc is lightly wounded.
You feel sick. The water moccasin bites you.
* * * LOW HITPOINT WARNING * * *
Aiming: Minor Destruction (13% risk of failure)
Press: ? - help, Shift-Dir - straight line, f/p - water moccasin
Aim: a water moccasin (severely wounded, haloed)
The puff of flame misses the water moccasin.
The puff of flame hits the dart slug.
The dart slug is almost dead.
You feel sick. The water moccasin bites you.
* * * LOW HITPOINT WARNING * * *
You are lethally poisoned!
The water moccasin poisons you!
The water moccasin bites you but does no damage.
It was a potion of degeneration.
There was something very wrong with that liquid.
You feel weakened.
You feel dopey.
You feel clumsy.
* * * LOW HITPOINT WARNING * * *
You feel very sick. The water moccasin closely misses you.
It was a potion of flight.
You feel very buoyant.
You fly up into the air.
* * * LOW HITPOINT WARNING * * *
You feel very sick. The water moccasin bites you.
You die...

...... #.............
#.........##..........#..
#......................#
§#§.............).......##
§§§......................#
..§......###'###...#####+##
........#.....####.....)..
#..##...#.⌠.⌠)####........
#..##...').>.@Swo.........
#..##.###.⌠.⌠)#o...####+##.
####..##.###.....#............
.....<.....###+###............
...................o..........
..................oo..........
###........########...........
#.#.#....# .......#....
#........# o.......#....


You could see a water moccasin, a dart slug and 2 orcs.

Vanquished Creatures
  Terence (D:2)
  4 adders
  A dart slug (D:2)
  5 orcs
  6 ball pythons
  2 bats
  6 endoplasms
  3 giant cockroaches
  7 goblins
  3 hobgoblins (D:1)
  6 jackals
  A quokka (D:1)
  A frilled lizard (D:3)
  2 kobolds
  7 rats
55 creatures vanquished.

Notes
Turn   | Place    | Note
-------+----------+-------------------------------------------
     0 | D:1      | Kaboulah the Hill Orc Monk began the quest for the Orb.
     0 | D:1      | Reached XP level 1. HP: 19/19 MP: 1/1
   100 | D:1      | Reached skill level 1 in Armour
   100 | D:1      | Reached XP level 2. HP: 24/27 MP: 2/2
   322 | D:1      | Reached XP level 3. HP: 27/33 MP: 3/3
  1349 | D:2      | Noticed Terence
  1372 | D:2      | Killed Terence
  1373 | D:2      | Reached skill level 1 in Invocations
  1373 | D:2      | Reached XP level 4. HP: 41/41 MP: 4/4
  1528 | D:3      | Found a shimmering blue altar of Sif Muna.
  1537 | D:3      | Reached skill level 1 in Shields
  1677 | D:3      | Found Homem's Assorted Antiques.
  1746 | D:3      | Found a stormy altar of Qazlal.
  2105 | D:4      | Found a staircase to the Ecumenical Temple.
  2113 | Temple   | Entered the Ecumenical Temple
  2197 | Temple   | Became a worshipper of Makhleb the Destroyer
  2197 | Temple   | Reached * piety under Makhleb
  2197 | Temple   | Reached ** piety under Makhleb
  2285 | D:4      | Reached XP level 5. HP: 46/47 MP: 4/6
  2288 | D:4      | Noticed a water moccasin
  2305 | D:4      | Slain by a water moccasin

Illustrated notes

Levels and vault maps discovered:
D:1:      psy_arrival_whirlpool, layout_basic
D:2:      layout_basic, uniq_terence
D:3:      layout_loops_ring, mainiacjoe_overflow_cross_hatched,
          nicolae_sif_muna_condensation, serial_shops, nicolae_square_shop,
          hangedman_decor_points
D:4:      layout_basic, nicolae_dithmenos_the_darkroom,
          mainiacjoe_overflow_alcove_3, minmay_temple_entry_hall,
          uniq_blork_the_orc
Temple:   hellmonk_temple_forest_ring

Skill      XL: |  1  2  3  4 |
---------------+-------------+-----
Armour         | 1 2 |  2.6
Fighting       | 4 |  4.8
Invocations    | 1 |  1.4
Shields        | 1 |  1.3
Axes           | |  4.7
Dodging        | |  2.4

Action                     |  1- 3 |  4- 6 || total
---------------------------+-------+-------++-------
  Melee: Hand axe          |   112 |    58 ||   170
 Invoke: Minor Destruction |       |     3 ||     3
    Use: Potion            |       |     2 ||     2
 Armour: Robe              |    15 |       ||    15
         Ring mail         |    11 |       ||    11
         Scale mail        |       |    33 ||    33
  Dodge: Dodged            |    59 |    34 ||    93
